 Dungeon Crawl Stone Soup version 0.29-a0-997-gf6f7e2dfe7 (webtiles) character file.

Game seed: 3566727183773576077

79 quixfox the Digger (level 4, -5/24 HPs)
             Began as a Gargoyle Earth Elementalist on Aug 5, 2022.
             Blown up by Ijyb (18 damage)
             ... with a mindburst bolt
             ... on level 3 of the Dungeon.
             The game lasted 00:05:27 (2907 turns).

quixfox the Digger (Gargoyle Earth Elementalist)    Turns: 2907, Time: 00:05:27

Health: -5/24      AC:  5    Str: 12    XL:     4   Next: 37%
Magic:  2/8        EV: 11    Int: 17    God:
Gold:   103        SH:  0    Dex: 10    Spells: 3/9 levels left

rFire   . . .      SeeInvis .   f - +1 mace
rCold   . . .      Faith    .   (no shield)
rNeg    + . .      Spirit   .   a - +0 robe
rPois   ∞          Reflect  .   (no helmet)
rElec   +          Harm     .   (no cloak)
rCorr   .          Rampage  .   (no gloves)
Will    .....                   (no boots)
Stlth   ++........              (no amulet)
HPRegen 0.08/turn               (no ring)
MPRegen 0.11/turn               (no ring)

@: no status effects
A: sickness immunity, AC +3, negative energy resistance 1, electricity
resistance, torment resistance 1, petrification resistance
a: no special abilities


You were on level 3 of the Dungeon.
You visited 1 branch of the dungeon, and saw 3 of its levels.

You collected 103 gold pieces.

Inventory:

Hand Weapons
 f - a +1 mace (weapon)
Armour
 a - a +0 robe (worn)
Scrolls
 h - a scroll of identify {unknown}
 j - a scroll of teleportation
Potions
 b - a potion of magic
 c - a potion of lignification {unknown}
 d - a potion of curing
 e - a potion of invisibility {unknown}
 g - a potion of cancellation {unknown}
 l - a potion of mutation {unknown}
 m - a potion of might {unknown}


   Skills:
 - Level 1.5 Dodging
 - Level 2.1 Stealth
 + Level 3.1 Spellcasting
 + Level 1.4 Conjurations
 - Level 0.7 Transmutations
 + Level 4.8 Earth Magic


You had 3 spell levels left.
You knew the following spells:

 Your Spells              Type           Power      Damage    Failure   Level
a - Sandblast             Erth           36%        2d10      2%          1
b - Passwall              Tmut/Erth      10%        N/A       9%          2
c - Stone Arrow           Conj/Erth      26%        3d8       14%         3

Your spell library contained the following spells:

 Spells                   Type           Power      Damage    Failure   Level
 Ozocubu's Armour         Ice            2%         N/A       45%         3
 Petrify                  Tmut/Erth      12%        N/A       50%         4
 Ozocubu's Refrigeration  Ice            1%         4d7       100%        7


Dungeon Overview and Level Annotations

Branches:
Dungeon (3/15)

Altars:

Annotations:
D:3 Ijyb


Innate Abilities, Weirdness & Mutations

You are immune to sickness and miasma.
Your stone body is resilient. (AC +3)
You are immune to poison.
You resist negative energy. (rN+)
You are resistant to electric shocks. (rElec)
You are resistant to unholy torment.
You are immune to petrification.


Message History

Aim: Ijyb, wielding a +0 dagger, wearing a +3 leather armour of poison resistance and carrying a wand of mindburst (6) (77% to hit)
The blast of sand hits Ijyb but does no damage.
Ijyb closely misses you. x2
Aiming: Sandblast (safe; 2% risk of failure)
Press: ? - help, Q - select action, (/) - cycle Shift-Dir - straight line, f/p - Ijyb
Aim: Ijyb, wielding a +0 dagger, wearing a +3 leather armour of poison resistance and carrying a wand of mindburst (6) (77% to hit)
The blast of sand misses Ijyb.
Ijyb misses you. Ijyb hits you but does no damage.
Aiming: Sandblast (safe; 2% risk of failure)
Press: ? - help, Q - select action, (/) - cycle Shift-Dir - straight line, f/p - Ijyb
Aim: Ijyb, wielding a +0 dagger, wearing a +3 leather armour of poison resistance and carrying a wand of mindburst (6) (77% to hit)
The blast of sand hits Ijyb.
Ijyb is moderately wounded.
Ijyb barely misses you. Ijyb hits you but does no damage.
Aiming: Sandblast (safe; 2% risk of failure)
Press: ? - help, Q - select action, (/) - cycle Shift-Dir - straight line, f/p - Ijyb
Aim: Ijyb, wielding a +0 dagger, wearing a +3 leather armour of poison resistance and carrying a wand of mindburst (6) (moderately wounded, 77% to hit)
The blast of sand hits Ijyb.
Ijyb is moderately wounded.
Ijyb zaps a wand.
You barely resist. Ijyb hits you with a +0 dagger.
Aiming: Sandblast (safe; 2% risk of failure)
Press: ? - help, Q - select action, (/) - cycle Shift-Dir - straight line, f/p - Ijyb
Aim: Ijyb, wielding a +0 dagger, wearing a +3 leather armour of poison resistance and carrying a wand of mindburst (5) (moderately wounded, 77% to hit)
The blast of sand hits Ijyb.
Ijyb is heavily wounded.
Ijyb closely misses you. Ijyb hits you with a +0 dagger.
Aiming: Sandblast (safe; 2% risk of failure)
Press: ? - help, Q - select action, (/) - cycle Shift-Dir - straight line, f/p - Ijyb
Aim: Ijyb, wielding a +0 dagger, wearing a +3 leather armour of poison resistance and carrying a wand of mindburst (5) (heavily wounded, 77% to hit)
The blast of sand hits Ijyb.
Ijyb is heavily wounded.
Ijyb completely misses you. Ijyb hits you but does no damage.
Aiming: Sandblast (safe; 2% risk of failure)
Press: ? - help, Q - select action, (/) - cycle Shift-Dir - straight line, f/p - Ijyb
Aim: Ijyb, wielding a +0 dagger, wearing a +3 leather armour of poison resistance and carrying a wand of mindburst (5) (heavily wounded, 77% to hit)
The blast of sand hits Ijyb but does no damage.
Ijyb is heavily wounded.
Ijyb zaps a wand.
Your mind is blasted!
Ouch! That really hurt!
You die...

###### ###### #....# #....#
#....# #....# #....# #....# #
#.g..# #....#
....###########.@..######....####
......g.......'....'....>....+..#
......b#####.##....######....##.#
....##. #.####### #.......# ...
#. ##.#### #.......# .#####.
#.....# #.......# .....#.
##.....# #.......# #.##.#.
.+.....# #.......#
#..#.#.##.#.....# #######.#


You could see Ijyb.

Vanquished Creatures
  2 adders (D:2)
  2 worms (D:2)
  A dart slug (D:1)
  3 endoplasms
  A giant cockroach (D:1)
  2 goblins
  6 hobgoblins
  6 jackals
  5 kobolds
  5 quokkas
  3 ball pythons
  4 bats
  3 frilled lizards
  7 rats
50 creatures vanquished.

Notes
Turn   | Place    | Note
-------+----------+-------------------------------------------
     0 | D:1      | quixfox the Gargoyle Earth Elementalist began the quest for
                  | the Orb.
     0 | D:1      | Reached XP level 1. HP: 10/10 MP: 3/3
   315 | D:1      | Reached skill level 4 in Earth Magic
   315 | D:1      | Reached XP level 2. HP: 15/15 MP: 1/5
   762 | D:1      | Reached XP level 3. HP: 19/19 MP: 4/6
   765 | D:1      | Learned a level 2 spell: Passwall
   769 | D:1      | Learned a level 3 spell: Stone Arrow
  1345 | D:2      | Found a faded altar of an unknown god.
  1474 | D:2      | Reached skill level 1 in Conjurations
  1670 | D:2      | Reached XP level 4. HP: 24/24 MP: 5/8
  2377 | D:3      | Noticed Ijyb
  2907 | D:3      | Blown up by Ijyb

Illustrated notes

Levels and vault maps discovered:
D:1:      dpeg_arrival_fog, layout_loops_corners
D:2:      layout_basic, chequers_ecumenical_altar_simple
D:3:      layout_basic, uniq_ijyb

Skill      XL: |  1  2  3 |
---------------+----------+-----
Earth Magic    | 4 |  4.8
Conjurations   | 1 |  1.4
Spellcasting   | 3 |  3.1
Dodging        | |  1.5
Stealth        | |  2.1
Transmutations | |  0.7

Action                   |  1- 3 |  4- 6 || total
-------------------------+-------+-------++-------
Melee: Dagger            |    19 |       ||    19
       Mace              |       |     4 ||     4
 Cast: Sandblast         |    53 |    26 ||    79
  Use: Scroll            |       |     4 ||     4
       Potion            |       |     1 ||     1
Armor: Robe              |    12 |    11 ||    23
Dodge: Dodged            |    35 |    14 ||    49

Table legend: (Time is in decaauts)
 A = Elapsed time spent in this place.
 B = Non-inter-level travel time spent in this place.
 C = Inter-level travel time spent in this place.
 D = Time resting spent in this place.
 E = Time spent auto-exploring this place.
 F = Levels seen in this place.
 G = Mean time per level.
                   A        B        C        D        E       F      G
               +--------+--------+--------+--------+--------+-----+--------+
         Total |   2985 |   2780 |    205 |    284 |   1902 |   3 |  995.0 |
       Dungeon |   2985 |   2780 |    205 |    284 |   1902 |   3 |  995.0 |
               +--------+--------+--------+--------+--------+-----+--------+

Top non-repeatable levels by time:
     D:1: 1308 daAuts
     D:2: 1304 daAuts
     D:3: 373 daAuts
